 Dungeon Crawl Stone Soup version 0.26.1-11-gd32895ea62 (webtiles) character file.

Game seed: 11486347723251643640

118 Doot the Caller (level 5, -4/36 HPs)
             Began as a Merfolk Summoner on May 20, 2021.
             Hit by a boomerang thrown by an orc warrior (16 damage)
             ... on level 3 of the Dungeon.
             The game lasted 00:05:35 (4882 turns).

Doot the Caller (Merfolk Summoner)                  Turns: 4882, Time: 00:05:36

Health: -4/36      AC:  2    Str:  8    XL:     5   Next: 2%
Magic:  7/9        EV: 13    Int: 15    God:
Gold:   124        SH:  0    Dex: 15    Spells: 3/9 levels left

rFire    . . .     SeeInvis .   d - +0 dagger
rCold    . . .     Faith    .   (no shield)
rNeg     . . .     Spirit   .   a - +0 robe
rPois    .         Reflect  .   (no helmet)
rElec    .         Harm     .   (no cloak)
rCorr    .         Rampage  .   (no gloves)
Will     .....                  (no boots)
Stlth    ++........             (no amulet)
HPRegen  0.12/turn              (no ring)
MPRegen  0.11/turn              (no ring)

@: no status effects
A: change form in water, swift swim, stealthy swim
a: no special abilities


You were on level 3 of the Dungeon.
You visited 1 branch of the dungeon, and saw 3 of its levels.

You collected 124 gold pieces.

Inventory:

Hand Weapons
 d - a +0 dagger (weapon)
Missiles
 f - 15 poisoned darts
Armour
 a - a +0 robe (worn)
Scrolls
 c - 6 scrolls of identify {unknown}
 g - 4 scrolls of remove curse {unknown}
 h - 3 scrolls of amnesia {unknown}
 i - a scroll of enchant weapon {unknown}
 j - a scroll of fear {unknown}
 l - 3 scrolls of magic mapping {unknown}
Potions
 b - 3 potions of attraction {unknown}
 e - a potion of might {unknown}
 k - a potion of curing {unknown}


   Skills:
 + Level 0.5 Fighting
 + Level 1.2 Short Blades
 + Level 3.3 Dodging
 + Level 3.0 Stealth
 + Level 0.2 Unarmed Combat
 + Level 2.7 Spellcasting
 + Level 4.9 Summonings


You had 3 spell levels left.
You knew the following spells:

 Your Spells              Type           Power        Failure   Level
a - Summon Small Mammal   Summ           68%          2%          1
b - Call Imp              Summ           17%          4%          2
c - Call Canine Familiar  Summ           17%          8%          3

Your spell library contained the following spells:

 Spells                   Type           Power        Failure   Level
 Summon Guardian Golem    Hex/Summ       9%           22%         3
 Summon Ice Beast         Ice/Summ       9%           58%         4
 Summon Lightning Spire   Summ/Air       9%           58%         4


Dungeon Overview and Level Annotations

Branches:
Dungeon (3/15)

Altars:
Ashenzari
Nemelex Xobeh
The Shining One


Message History

Guard this area!
The orc warrior throws a boomerang.
The boomerang closely misses your hound.
The boomerang barely misses you.
The weapon returns to the orc warrior!
The orc warrior throws a boomerang.
The boomerang completely misses your hound.
The boomerang completely misses you.
The weapon returns to the orc warrior!
Your hound bites the orc warrior.
Your hound barely misses the orc warrior.
The orc warrior throws a boomerang.
The boomerang barely misses your hound. The boomerang hits you!!
Ouch! That really hurt!
The weapon returns to the orc warrior!
Your hound bites the orc warrior.
The orc warrior throws a boomerang.
The boomerang hits your hound!
The weapon returns to the orc warrior!
Unknown command.
Your hound bites the orc warrior but does no damage. x2
The orc warrior throws a boomerang.
The boomerang closely misses your hound.
The boomerang hits you!
You die...

#####.....#######.#......#.######
...................>.....#.#
#######...####...>...###.#.# ##
#...# #.##...#..#.#.# .# #...#
#.##...#....#.# .# #...#
#.......#.###.### .#
####...#########..#.# #...# # .#
#......#.oh....#....# ###.#### .#
#.######'##.#@.#..### #.....
.###.## #..####.#..#.##########
..8...# ##.#.#..#..#.........##
...8..# #....##.#..#.###.......
....8.# ##...(#.#..⌠.⌠<#)###.##
.....8# #..#)(#.#..._..#.#.....
......# #######.#..⌠.⌠.#.#.#...
......# #.#....###.#.#... ......#
#........#.#.####


You could see an orc warrior and a friendly hound (summoned).

Vanquished Creatures
  Natasha (D:3)
  An adder (D:3)
  An adder skeleton (D:3)
  A dart slug (D:3)
  An orc (D:3)
  A ball python (D:3)
  6 bats
  3 giant cockroaches
  3 goblins
  3 hobgoblins
  4 jackals
  A kobold (D:1)
  A frilled lizard (D:2)
  4 rats
31 creatures vanquished.

Vanquished Creatures (collateral kills)
  Natasha (twice) (D:3)
  A hound skeleton (D:3)
  An adder (D:3)
  A leopard gecko (D:3)
  3 giant cockroaches
  A goblin (D:2)
  7 hobgoblins
  5 jackals
  4 kobolds
  2 bats (D:1)
  2 frilled lizards
  A quokka skeleton (D:3)
  2 rats
32 creatures vanquished.

Vanquished Creatures (others)
  5 plants (D:3)
  3 withered plants (D:3)
8 creatures vanquished.

Grand Total: 71 creatures vanquished

Notes
Turn   | Place    | Note
-------+----------+-------------------------------------------
     0 | D:1      | Doot the Merfolk Summoner began the quest for the Orb.
     0 | D:1      | Reached XP level 1. HP: 13/13 MP: 3/3
     0 | D:1      | Noticed a draconian
     4 | D:1      | Noticed a formicid
     6 | D:1      | Noticed a naga
    11 | D:1      | Noticed a spriggan
    15 | D:1      | Noticed an ogre
    17 | D:1      | Noticed an elf
    19 | D:1      | Noticed a formicid
   631 | D:1      | Reached XP level 2. HP: 14/19 MP: 0/5
   641 | D:1      | Learned a level 2 spell: Call Imp
  1746 | D:2      | Reached XP level 3. HP: 22/24 MP: 3/6
  2459 | D:2      | Learned a level 3 spell: Call Canine Familiar
  2903 | D:3      | Found a sparkling altar of Nemelex Xobeh.
  3175 | D:3      | Noticed Natasha
  3189 | D:3      | Killed Natasha
  3190 | D:3      | Reached skill level 1 in Short Blades
  3348 | D:3      | Reached XP level 4. HP: 9/30 MP: 3/7
  3559 | D:3      | Noticed Natasha
  3665 | D:3      | Killed Natasha
  3765 | D:3      | Found a glowing golden altar of the Shining One.
  3919 | D:3      | Found a broken altar of Ashenzari.
  4039 | D:3      | Noticed Natasha
  4042 | D:3      | Killed Natasha
  4864 | D:3      | Noticed an orc warrior
  4868 | D:3      | Reached XP level 5. HP: 36/36 MP: 9/9
  4882 | D:3      | Hit by a boomerang thrown by an orc warrior

Illustrated notes

Levels and vault maps discovered:
D:1:      shiori_arrival_whats_in_store_for_you, layout_basic, st_stairs_5
D:2:      layout_loops_corners
D:3:      minmay_wonky_spiral, layout_basic, lemuel_coloured_pillars_altar,
          nicolae_ashenzari_panopticon, nemelex_xobeh_ov_fountains_minmay,
          serial_undead, serial_undead_b, serial_undead_c, serial_undead_e,
          serial_undead_c, minmay_misc_feat_nine_boxes, serial_bayou_ford_a,
          uniq_natasha

Skill      XL: |  1  2  3  4 |
---------------+-------------+-----
Dodging        | 3 |  3.3
Short Blades   | 1 |  1.2
Stealth        | 3 |  3.0
Fighting       | |  0.5
Unarmed Combat | |  0.2
Spellcasting   | |  2.7
Summonings     | |  4.9

Action                   |  1- 3 |  4- 6 || total
-------------------------+-------+-------++-------
Melee: Unarmed           |    30 |       ||    30
       Dagger            |    92 |    35 ||   127
 Cast: Summon Small Mamm |    23 |       ||    23
       Call Imp          |    19 |    13 ||    32
       Call Canine Famil |     2 |     3 ||     5
 Stab: Sleeping          |     8 |     4 ||    12
       Distracted        |     1 |       ||     1
Armor: Robe              |    32 |     7 ||    39
Dodge: Dodged            |   108 |    36 ||   144
